 Dungeon Crawl Stone Soup version 0.20.0-15-g7f486f2 (webtiles) character file.

1537 vishdafish the Shield-Bearer (level 8, -12/49 HPs)
             Began as a Gargoyle Fighter on June 19, 2017.
             Was a Believer of Okawaru.
             Killed from afar by a steam dragon (23 damage)
             ... with a ball of steam
             ... on level 7 of the Dungeon.
             The game lasted 00:17:06 (7075 turns).

vishdafish the Shield-Bearer (Gargoyle Fighter)     Turns: 7075, Time: 00:17:07

Health: -12/49     AC: 17    Str: 21    XL:     8   Next: 86%
Magic:  7/9        EV: 10    Int:  9    God:    Okawaru [**....]
Gold:   263        SH: 19    Dex: 10    Spells: 7/7 levels left

rFire    . . .     SeeInvis .   a - +0 flail
rCold    . . .     Gourm    .   A - +1 large shield {reflect}
rNeg     + . .     Faith    .   b - +0 scale mail
rPois    ∞         Spirit   .   z - +0 helmet
rElec    +         Reflect  +   (no cloak)
rCorr    .         Harm     .   w - +0 pair of gloves
MR       .....                  (no boots)
Stlth    +.........             (no amulet)
Regen    0.2/turn               e - ring of flight
MPRegen  0.2/turn               (no ring)

@: heroism
A: negative energy resistance 1, electricity resistance, unbreathing,
petrification resistance, rot immunity, AC +5
a: Heroism, Renounce Religion, Evoke Flight


You were on level 7 of the Dungeon.
You worshipped Okawaru.
Okawaru was pleased with you.
You were not hungry.

You visited 1 branch of the dungeon, and saw 7 of its levels.

You collected 263 gold pieces.

Inventory:

Hand Weapons
 a - a +0 flail (weapon)
 k - a -1 blowgun
Missiles
 o - 16 poisoned needles
Armour
 b - a +0 scale mail (worn)
 w - a +0 pair of gloves (worn)
 z - a +0 helmet (worn)
 A - a +1 large shield of reflection (worn)
 E - a +0 plate armour
Magical Staves
 D - an uncursed staff of wizardry
Jewellery
 e - a ring of flight (left hand)
Wands
 r - a wand of confusion (16/48)
 v - a wand of enslavement (11/24)
Scrolls
 g - a scroll of fear {unknown}
 h - 2 scrolls of enchant weapon
 i - 2 scrolls of recharging
 m - 2 scrolls of remove curse
 n - 4 scrolls of teleportation
 p - a scroll of enchant armour {unknown}
 q - a scroll of amnesia {unknown}
 t - a scroll of magic mapping {unknown}
 y - a scroll of noise {unknown}
 B - a scroll of fog {unknown}
 C - a scroll of silence
Potions
 f - 2 potions of curing
 j - 2 potions of brilliance
 l - a potion of haste
 s - a potion of flight
 x - 2 potions of lignification
Comestibles
 c - a bread ration
 d - a meat ration
 u - 4 fruits


   Skills:
 + Level 5.3(10.3) Fighting
 + Level 6.1(11.1) Maces & Flails
 + Level 5.5(10.5) Armour
 * Level 3.0(8.0) Dodging
 + Level 0.2(5.2) Stealth
 + Level 6.3(11.3) Shields
 * Level 2.6 Evocations


You had 7 spell levels left.
You didn't know any spells.

Dungeon Overview and Level Annotations

Branches:
Dungeon (7/15)             Temple (0/1) D:5

Altars:
Fedhas
Nemelex Xobeh
Okawaru
Ru
Zin

Shops:
D:5 *

Annotations:
D:6 Prince Ribbit


Innate Abilities, Weirdness & Mutations

You are resistant to torment.
Your stone body is resilient. (AC +5)
You are immune to poison.
You resist negative energy. (rN+)
You are resistant to electric shocks. (rElec)
You can survive without breathing.
You are immune to petrification.
You are immune to rotting.


Message History

You block the steam dragon's attack.
You gain the combat prowess of a mighty hero.
You are engulfed in a cloud of scalding steam.
* * * LOW HITPOINT WARNING * * *
The steam dragon bites you but does no damage.
The steam dragon claws you but does no damage.
You sock the steam dragon!
The steam dragon is moderately wounded.
The steam dragon bites you.
* * * LOW HITPOINT WARNING * * *
The steam dragon claws you but does no damage.
You hit the steam dragon but do no damage.
The steam dragon is moderately wounded.
The steam dragon bites you but does no damage.
You block the steam dragon's attack. You block the leopard gecko's attack.
You barely miss the steam dragon.
The steam dragon is moderately wounded.
The steam dragon breathes steam at you. The ball of steam hits you!
You die...

..........# #......#
..........# #......###
..........# #......<..
..........#####......#
.....................###
..............#........#
.........####.##.......)
......D.## #.####..####
......l@## #..#......[.
#######.§## ##.#........
##..###...........
######......#........
#....................
#....#######....(....
#...# #.........
###...## ##..<.....
#......###### ###.####.


You could see a steam dragon and a leopard gecko.

Vanquished Creatures
  The ghost of Quirk the Skirmisher, an amateur DsFi (D:3)
  Menkaure (D:7)
  A water moccasin (D:4)
  2 orc warriors
  A sky beast (D:7)
  An ice beast (D:6)
  4 slaves (D:6)
  An ogre (D:5)
  A bullfrog (D:6)
  A howler monkey (D:6)
  2 crimson imps (D:5)
  A centaur zombie (D:6)
  4 hounds
  2 orc priests
  2 worker ants
  11 adders
  4 gnolls
  2 shadow imps (D:7)
  2 oozes
  An adder skeleton (D:7)
  2 worms
  3 dart slugs
  7 leopard geckos
  13 orcs
  9 bats
  4 giant cockroaches
  11 goblins
  13 hobgoblins
  3 jackals
  3 quokkas
  4 frilled lizards
  11 kobolds
  A quokka skeleton (D:7)
  6 rats
135 creatures vanquished.

Notes
Turn   | Place    | Note
-------+----------+-------------------------------------------
     0 | D:1      | vishdafish the Gargoyle Fighter began the quest for the Orb.
     0 | D:1      | Reached XP level 1. HP: 14/14 MP: 1/1
    99 | D:1      | Reached XP level 2. HP: 18/19 MP: 2/2
   212 | D:1      | Reached XP level 3. HP: 18/23 MP: 3/3
   748 | D:1      | Reached XP level 4. HP: 17/29 MP: 4/4
  1278 | D:2      | Found a sacrificial altar of Ru.
  1401 | D:2      | Reached XP level 5. HP: 33/33 MP: 5/5
  1767 | D:2      | Found a sparkling altar of Nemelex Xobeh.
  1904 | D:3      | Noticed Quirk's ghost (amateur DsFi)
  1924 | D:3      | HP: 1/33 [Quirk's ghost (5)]
  1929 | D:3      | Killed Quirk's ghost
  1929 | D:3      | Reached skill level 1 in Dodging
  1929 | D:3      | Reached XP level 6. HP: 2/38 MP: 6/6
  2352 | D:3      | Found a glowing silver altar of Zin.
  3079 | D:4      | Reached skill level 5 in Shields
  3508 | D:4      | Found an iron altar of Okawaru.
  3541 | D:4      | Became a worshipper of Warmaster Okawaru
  3621 | D:5      | Entered Level 5 of the Dungeon
  3641 | D:5      | Found Daelu's Serpentskin Sales.
  3641 | D:5      | Noticed a water moccasin
  3924 | D:4      | Killed a water moccasin
  3924 | D:4      | Reached XP level 7. HP: 19/44 MP: 7/7
  4243 | D:5      | Found a staircase to the Ecumenical Temple.
  4386 | D:5      | Reached skill level 5 in Maces & Flails
  4695 | D:5      | Reached skill level 1 in Evocations
  5194 | D:6      | Found a blossoming altar of Fedhas.
  5258 | D:6      | Reached * piety under Okawaru
  5258 | D:6      | Reached skill level 5 in Armour
  5258 | D:6      | Reached XP level 8. HP: 37/48 MP: 9/9
  6125 | D:6      | Reached skill level 5 in Fighting
  6276 | D:7      | Noticed Prince Ribbit
  6827 | D:7      | Reached ** piety under Okawaru
  6864 | D:7      | Noticed Menkaure
  6874 | D:7      | Killed Menkaure
  7075 | D:7      | Killed from afar by a steam dragon

Skill      XL: |  1  2  3  4  5  6  7  8 |
---------------+-------------------------+-----
Shields        | 4 5 6 |  6.3
Maces & Flails | 3 4 5 6 |  6.1
Fighting       | 4 5 |  5.3
Armour         | 4 5 |  5.5
Dodging        | 1 2 3 |  3.0
Evocations     | 1 2 |  2.6
Stealth        | |  0.2

Action                   |  1- 3 |  4- 6 |  7- 9 || total
-------------------------+-------+-------+-------++-------
Melee: Flail             |   132 |   285 |   284 ||   701
Invok: Heroism           |       |       |     1 ||     1
  Use: Potion            |       |     3 |     3 ||     6
       Scroll            |       |       |    12 ||    12
  Eat: Bread ration      |       |     2 |     2 ||     4
       Royal jelly       |       |     1 |     1 ||     2
Armor: Scale mail        |    70 |   151 |   139 ||   360
Dodge: Dodged            |    44 |   110 |    72 ||   226
Block: Shield            |    80 |   186 |    24 ||   290
       Large shield      |       |       |   189 ||   189
       Reflection        |       |       |     2 ||     2
